 Dungeon Crawl Stone Soup version 0.23.2-1-ga50397a (webtiles) character file.

Game seed: 17517797798793721280

203 Fang the Skirmisher (level 5, 0/34 HPs)
             Began as a Gargoyle Berserker on Apr 30, 2019.
             Was a Believer of Trog.
             Slain by an ogre
             ... wielding a +0 giant club
              (24 damage)
             ... on level 4 of the Dungeon.
             The game lasted 00:03:22 (3403 turns).

Fang the Skirmisher (Gargoyle Berserker)            Turns: 3403, Time: 00:03:22

Health: 0/34       AC: 13    Str: 22    XL:     5   Next: 81%
Magic:  5/5        EV:  8    Int:  7    God:    Trog [**....]
Gold:   253        SH:  0    Dex:  9    Spells: 4/4 levels left

rFire    . . .     SeeInvis .   a - +0 war axe
rCold    . . .     Gourm    .   (no shield)
rNeg     + . .     Faith    .   b - +0 chain mail
rPois    ∞         Spirit   .   (no helmet)
rElec    +         Reflect  .   (no cloak)
rCorr    .         Harm     .   (no gloves)
MR       .....                  (no boots)
Stlth    ..........             (no amulet)
HPRegen  0.11/turn              k - ring of attention (curse)
MPRegen  0.09/turn              (no ring)

@: no status effects
A: negative energy resistance 1, electricity resistance, unbreathing,
petrification resistance, rot immunity, AC +4
a: Berserk, Trog's Hand, Renounce Religion


You were on level 4 of the Dungeon.
You worshipped Trog.
Trog was pleased with you.
You were not hungry.

You visited 2 branches of the dungeon, and saw 5 of its levels.

You collected 253 gold pieces.

Inventory:

Hand Weapons
 a - a +0 war axe (weapon)
Armour
 b - a +0 chain mail (worn)
Jewellery
 k - a cursed ring of attention (left hand)
 x - an uncursed ring of protection from cold {unknown}
Wands
 w - a wand of acid (5)
Scrolls
 d - 5 scrolls of remove curse {unknown}
 e - 4 scrolls of identify {unknown}
 f - a scroll of fear {unknown}
 i - 3 scrolls of magic mapping {unknown}
 r - a scroll of random uselessness {unknown}
 s - 2 scrolls of teleportation {unknown}
 u - a scroll of fog {unknown}
 y - a scroll of blinking {unknown}
Potions
 g - 2 potions of lignification {unknown}
 h - 3 potions of flight {unknown}
 j - a potion of agility {unknown}
 l - 2 potions of degeneration {unknown}
 m - 2 potions of mutation {unknown}
 o - 2 potions of berserk rage {unknown}
 p - a potion of curing {unknown}
 q - a potion of cancellation {unknown}
 t - a potion of resistance {unknown}
 v - a potion of might {unknown}
Comestibles
 c - 5 rations
 n - a chunk of flesh


   Skills:
 + Level 4.4 Fighting
 + Level 3.7 Axes
 + Level 3.7 Armour
 + Level 2.6 Dodging


You had 4 spell levels left.
You didn't know any spells.
Your spell library was empty.

Dungeon Overview and Level Annotations

Branches:
Dungeon (4/15)             Temple (1/1) D:4

Altars:
Ashenzari
Cheibriados
Elyvilon
Gozag
Hepliaklqana
Makhleb
Okawaru
Qazlal
Ru
Vehumet
Wu Jian
Xom
Yredelemnul
The Shining One


Innate Abilities, Weirdness & Mutations

You are resistant to torment.
Your stone body is resilient. (AC +4)
You are immune to poison.
You resist negative energy. (rN+)
You are resistant to electric shocks. (rElec)
You can survive without breathing.
You are immune to petrification.
You are immune to rotting.


Message History

You see here an adder skeleton. x2
Some of the chunks of flesh in your inventory have rotted away.
There is a stone staircase leading up here.
Some of the chunks of flesh in your inventory have rotted away.
You now have 253 gold pieces (gained 13).
Key pressed, stopping explore.
An ogre comes into view. It is wielding a +0 giant club.
The ogre shouts!
An ogre is nearby!
You slash the ogre!
The ogre is moderately wounded.
The ogre hits you with a +0 giant club.
Your chain mail prevents you from hitting the ogre.
The ogre is moderately wounded.
The ogre hits you with a +0 giant club.
You closely miss the ogre.
The ogre is moderately wounded.
The ogre hits you with a +0 giant club!!
Ouch! That really hurt!
You die...

##...### #.......#
#.8.......#
###...###.......#
#.......... ###...#.......#
##......... ###...#....##
#......... ##...>.###
#......... ###...####
##.........
.#####.....#####..........
....##....................
..........@O........[......
...........................
............##.............
####.......<.#.##..........
##........##.##.##.######
#.........#.........#...)
#.......##...............)
.......###.#..⌠...⌠..#####
....## #.#.........####.


You could see an ogre.

Vanquished Creatures
  An orc wizard (D:4)
  A worker ant (D:4)
  A hound skeleton (D:4)
  5 adders
  An adder skeleton (D:4)
  2 worms
  2 dart slugs
  2 leopard geckos
  6 orcs
  6 giant cockroaches
  9 goblins
  13 hobgoblins
  5 kobolds
  3 quokkas (D:3)
  6 bats
  2 frilled lizards
  5 rats
70 creatures vanquished.

Notes
Turn   | Place    | Note
-------+----------+-------------------------------------------
     0 | D:1      | Fang the Gargoyle Berserker began the quest for the Orb.
     0 | D:1      | Reached XP level 1. HP: 14/14 MP: 1/1
   258 | D:1      | Reached XP level 2. HP: 18/19 MP: 2/2
  1024 | D:2      | Reached XP level 3. HP: 21/23 MP: 3/3
  1731 | D:2      | Found a white marble altar of Elyvilon.
  1950 | D:2      | Reached XP level 4. HP: 25/29 MP: 4/4
  2199 | D:3      | Reached ** piety under Trog
  2435 | D:3      | Reached skill level 4 in Fighting
  2965 | D:4      | Reached XP level 5. HP: 33/33 MP: 5/5
  3004 | D:4      | Found a staircase to the Ecumenical Temple.
  3018 | Temple   | Entered the Ecumenical Temple
  3116 | D:4      | Found a hazy altar of Hepliaklqana.
  3397 | D:4      | Noticed an ogre
  3403 | D:4      | Slain by an ogre

Skill      XL: |  1  2  3  4 |
---------------+-------------+-----
Axes           | 3 |  3.7
Dodging        | 2 |  2.6
Armour         | 3 |  3.7
Fighting       | 4 |  4.4

Action                   |  1- 3 |  4- 6 || total
-------------------------+-------+-------++-------
Melee: Hand axe          |   119 |    60 ||   179
       War axe           |       |   122 ||   122
Invok: Berserk           |     1 |       ||     1
  Eat: Chunk             |     4 |     5 ||     9
Armor: Animal skin       |    36 |       ||    36
       Chain mail        |       |   120 ||   120
Dodge: Dodged            |    80 |   100 ||   180
